| TOP OF THE 1ST |
|
Hartford Yard Goats batting - Pitching for Fort Wayne TinCaps : RHP Tony Holley
|
|
Pitching: RHP Tony Holley
|
|
|
Batting: LHB Nick Martin
|
0-0: Ball 1-0: Ball 2-0: Ground out 4-3 (Groundball, 4, EV 110.6 MPH)
|
|
Batting: RHB John Stevenson
|
0-0: Ball 1-0: Foul Ball, location: 2F 1-1: Ground out 6-3 (Groundball, 6, EV 85.6 MPH)
|
|
Batting: RHB Doug D'Onofrio
|
0-0: Ball 1-0: Ball 2-0: Ground out 4-3 (Groundball, 4, EV 88.8 MPH)
|
| Top of the 1st over - 0 runs, 0 hits, 0 errors, 0 left on base; Hartford 0 - Fort Wayne 0 |
| BOTTOM OF THE 1ST |
|
Fort Wayne TinCaps batting - Pitching for Hartford Yard Goats : RHP Chu-ho Yi
|
|
Pitching: RHP Chu-ho Yi
|
|
|
Batting: RHB Slamet Pamungkas
|
0-0: Ball 1-0: Called Strike 1-1: Ball 2-1: Foul Ball, location: 2F 2-2: Ground out U3 (Groundball, 34, EV 93.8 MPH)
|
|
Batting: LHB Dean Luttman
|
0-0: Ball 1-0: Called Strike 1-1: Ball 2-1: Ball 3-1: Foul Ball, location: 2F 3-2: Foul Ball, location: 2F 3-2: Base on Balls
|
|
Batting: RHB Jim Miske
|
0-0: Ball 1-0: Ball Passed Ball! Dean Luttman to second 2-0: Foul Ball, location: 2F 2-1: Foul Ball, location: 2F 2-2: Ball 3-2: Ground out 5-3 (Groundball, 56, EV 81.2 MPH)
|
|
Batting: RHB John Freeman
|
0-0: Called Strike 0-1: Called Strike 0-2: Strikes out swinging
|
| Bottom of the 1st over - 0 runs, 0 hits, 0 errors, 1 left on base; Hartford 0 - Fort Wayne 0 |
| TOP OF THE 2ND |
|
Hartford Yard Goats batting - Pitching for Fort Wayne TinCaps : RHP Tony Holley
|
|
Batting: RHB Wali Mulogo
|
0-0: Foul Ball, location: 2F 0-1: Swinging Strike 0-2: Strikes out swinging
|
|
Batting: RHB Chris Osting
|
0-0: Hit by Pitch
|
|
Batting: LHB Harry Folsom
|
0-0: Called Strike 0-1: Called Strike Chris Osting is caught stealing 2nd base 2-6 0-2: Ground out 4-3 (Groundball, 4, EV 106.9 MPH)
|
| Top of the 2nd over - 0 runs, 0 hits, 0 errors, 0 left on base; Hartford 0 - Fort Wayne 0 |
| BOTTOM OF THE 2ND |
|
Fort Wayne TinCaps batting - Pitching for Hartford Yard Goats : RHP Chu-ho Yi
|
|
Batting: RHB Ben Welt
|
0-0: Ball 1-0: Called Strike 1-1: DOUBLE (Flyball, 8LXD, EV 95.6 MPH)
|
|
Batting: RHB Gary Horgan
|
0-0: Ball 1-0: Foul Ball, location: 2F 1-1: Ball 2-1: Ball 3-1: Foul Ball, location: 2F 3-2: Foul Ball, location: 2F 3-2: Ground out 6-3 (Groundball, 6, EV 88.1 MPH)
|
|
Batting: RHB Bill Vives
|
0-0: SINGLE (Groundball, 56D, EV 106.9 MPH) Ben Welt to third
|
|
Batting: RHB Dave Cordero
|
0-0: Ball Wild Pitch! Ben Welt scores Bill Vives to second 1-0: Ball 2-0: Ground out U3 (Groundball, 34, EV 85.6 MPH) Bill Vives to third
|
|
Batting: RHB Paul Wood
|
0-0: Foul Ball, location: 2F 0-1: Swinging Strike 0-2: Ball 1-2: Foul Ball, location: 2F 1-2: Foul Ball, location: 2F 1-2: Fly out, F8 (Flyball, 8LD, EV 101.9 MPH)
|
| Bottom of the 2nd over - 1 run, 2 hits, 0 errors, 1 left on base; Hartford 0 - Fort Wayne 1 |
| TOP OF THE 3RD |
|
Hartford Yard Goats batting - Pitching for Fort Wayne TinCaps : RHP Tony Holley
|
|
Batting: RHB Ray Insley
|
0-0: Ball 1-0: Called Strike 1-1: Foul Ball, location: 2F 1-2: Ground out 6-3 (Groundball, 6, EV 101.9 MPH)
|
|
Batting: RHB Manny Thompson
|
0-0: Called Strike 0-1: Ball 1-1: Foul Ball, location: 2F 1-2: Strikes out swinging
|
|
Batting: RHB Willie Benito
|
0-0: DOUBLE (Line Drive, 89D, EV 106.2 MPH)
|
|
Batting: LHB Nick Martin
|
0-0: Ball 1-0: Ball 2-0: Ball Wild Pitch! Willie Benito to third 3-0: Base on Balls
|
|
Batting: RHB John Stevenson
|
0-0: Ball 1-0: Ball Wild Pitch! Willie Benito scores Nick Martin to second 2-0: Called Strike 2-1: Foul Ball, location: 2F 2-2: Strikes out looking
|
| Top of the 3rd over - 1 run, 1 hit, 0 errors, 1 left on base; Hartford 1 - Fort Wayne 1 |
| BOTTOM OF THE 3RD |
|
Fort Wayne TinCaps batting - Pitching for Hartford Yard Goats : RHP Chu-ho Yi
|
|
Batting: RHB Slamet Pamungkas
|
0-0: Foul Ball, location: 2F 0-1: Ball 1-1: Ground out 6-3 (Groundball, 6, EV 83.1 MPH)
|
|
Batting: LHB Dean Luttman
|
0-0: Ball 1-0: Ball 2-0: SINGLE (Groundball, 4MD, EV 106.9 MPH)
|
|
Batting: RHB Jim Miske
|
0-0: Fly out, F7 (Flyball, BS2, EV 108.8 MPH)
|
|
Batting: RHB John Freeman
|
0-0: Called Strike 0-1: Ball 1-1: Ball 2-1: Called Strike 2-2: Strikes out swinging
|
| Bottom of the 3rd over - 0 runs, 1 hit, 0 errors, 1 left on base; Hartford 1 - Fort Wayne 1 |
| TOP OF THE 4TH |
|
Hartford Yard Goats batting - Pitching for Fort Wayne TinCaps : RHP Tony Holley
|
|
Batting: RHB Doug D'Onofrio
|
0-0: Foul Ball, location: 2F 0-1: Ground out 5-3 (Groundball, 5, EV 87.5 MPH)
|
|
Batting: RHB Wali Mulogo
|
0-0: DOUBLE (Line Drive, 9LS, EV 98.1 MPH)
|
|
Batting: RHB Chris Osting
|
0-0: Ball 1-0: Ball 2-0: Hit by Pitch
|
|
Batting: LHB Harry Folsom
|
0-0: Swinging Strike 0-1: Fielders Choice at 2nd, 3-6 (Groundball, 34S, EV 86.9 MPH) Wali Mulogo to third
|
|
Batting: RHB Ray Insley
|
0-0: Ball 1-0: Ball 2-0: 3-RUN HOME RUN (Flyball, 7D, EV 98.1 MPH), Distance : 386 ft
|
|
Batting: RHB Manny Thompson
|
0-0: Ball 1-0: Swinging Strike 1-1: Ball 2-1: Ball 3-1: SINGLE (Line Drive, 9S, EV 89.4 MPH)
|
|
Batting: RHB Willie Benito
|
0-0: Ball 1-0: SINGLE (Groundball, 6MD, EV 94.4 MPH) Manny Thompson to second
|
|
Batting: LHB Nick Martin
|
0-0: Called Strike 0-1: Ball 1-1: Foul Ball, location: 2F 1-2: Strikes out swinging
|
| Top of the 4th over - 3 runs, 4 hits, 0 errors, 2 left on base; Hartford 4 - Fort Wayne 1 |
| BOTTOM OF THE 4TH |
|
Fort Wayne TinCaps batting - Pitching for Hartford Yard Goats : RHP Chu-ho Yi
|
|
Batting: RHB Ben Welt
|
0-0: Called Strike 0-1: Ball 1-1: Ball 2-1: Ball 3-1: Foul Ball, location: 2F 3-2: Ground out 4-3 (Groundball, 4, EV 97.5 MPH)
|
|
Batting: RHB Gary Horgan
|
0-0: Ball 1-0: Called Strike 1-1: Foul Ball, location: 2F 1-2: SINGLE (Groundball, 34D, EV 99.4 MPH)
|
|
Batting: RHB Bill Vives
|
0-0: Called Strike 0-1: Called Strike 0-2: Ball 1-2: Fly out, F8 (Line Drive, 8RM, EV 96.9 MPH)
|
|
Batting: RHB Dave Cordero
|
0-0: Ball 1-0: Foul Ball, location: 2F 1-1: Reached on error, E7 (Flyball, 7, EV 96.2 MPH) Gary Horgan to third
|
|
Batting: RHB Paul Wood
|
0-0: Called Strike 0-1: Ball 1-1: Ball 2-1: Ball 3-1: Base on Balls
|
|
Batting: RHB Slamet Pamungkas
|
0-0: Ball 1-0: Swinging Strike 1-1: Called Strike 1-2: Ball 2-2: SINGLE (Groundball, 6S, EV 72.5 MPH) (infield hit) Gary Horgan scores Dave Cordero to third Paul Wood to second
|
|
Pitching: RHP Wilson Mendez
|
|
|
Batting: LHB Dean Luttman
|
0-0: Ball 1-0: Ball 2-0: Called Strike 2-1: Ball 3-1: Foul Ball, location: 2F 3-2: SINGLE (Groundball, 6D, EV 102.5 MPH) Dave Cordero scores Paul Wood to third Slamet Pamungkas to second Paul Wood scores Slamet Pamungkas to third
|
|
Batting: RHB Jim Miske
|
0-0: Called Strike 0-1: Ball 1-1: Foul Ball, location: 2F 1-2: Foul Ball, location: 2F 1-2: Fly out, F7 (Flyball, 7D, EV 100.6 MPH)
|
| Bottom of the 4th over - 3 runs, 3 hits, 1 error, 2 left on base; Hartford 4 - Fort Wayne 4 |
| TOP OF THE 5TH |
|
Hartford Yard Goats batting - Pitching for Fort Wayne TinCaps : RHP Tony Holley
|
|
Batting: RHB John Stevenson
|
0-0: Ball 1-0: Swinging Strike 1-1: Swinging Strike 1-2: Strikes out swinging
|
|
Batting: RHB Doug D'Onofrio
|
0-0: Called Strike 0-1: Foul Ball, location: 2F 0-2: Ball 1-2: Ball 2-2: Ball 3-2: Base on Balls
|
|
Batting: RHB Wali Mulogo
|
0-0: Foul Ball, location: 2F 0-1: Called Strike 0-2: Ball 1-2: Foul Ball, location: 2F 1-2: DOUBLE (Groundball, 5L, EV 106.2 MPH) Doug D'Onofrio to third
|
|
Batting: RHB Chris Osting
|
0-0: Ball 1-0: Ball Wild Pitch! Doug D'Onofrio scores Wali Mulogo to third 2-0: Called Strike 2-1: Foul Ball, location: 2F 2-2: Fly out, F7 (Flyball, 78S, EV 89.4 MPH)
|
|
Batting: LHB Harry Folsom
|
0-0: Ball 1-0: Swinging Strike 1-1: Called Strike 1-2: Strikes out swinging
|
| Top of the 5th over - 1 run, 1 hit, 0 errors, 1 left on base; Hartford 5 - Fort Wayne 4 |
| BOTTOM OF THE 5TH |
|
Fort Wayne TinCaps batting - Pitching for Hartford Yard Goats : RHP Wilson Mendez
|
|
Batting: RHB John Freeman
|
0-0: SOLO HOME RUN (Flyball, 7D, EV 99.4 MPH), Distance : 385 ft
|
|
Batting: RHB Ben Welt
|
0-0: Called Strike 0-1: Ground out 5-3 (Groundball, 5S, EV 85.0 MPH)
|
|
Batting: RHB Gary Horgan
|
0-0: Ground out 1-3 (Groundball, 13S, EV 66.2 MPH)
|
|
Batting: RHB Bill Vives
|
0-0: Foul Ball, location: 2F 0-1: Swinging Strike 0-2: Ball 1-2: Ball 2-2: Foul Ball, location: 2F 2-2: Foul Ball, location: 2F 2-2: Foul Ball, location: 2F 2-2: Ball 3-2: SOLO HOME RUN (Line Drive, 7D, EV 98.1 MPH), Distance : 371 ft
|
|
Batting: RHB Dave Cordero
|
0-0: Called Strike 0-1: Ball 1-1: Fly out, F8 (Flyball, 8LS, EV 88.1 MPH)
|
| Bottom of the 5th over - 2 runs, 2 hits, 0 errors, 0 left on base; Hartford 5 - Fort Wayne 6 |
| TOP OF THE 6TH |
|
Hartford Yard Goats batting - Pitching for Fort Wayne TinCaps : RHP Tony Holley
|
|
Pitching: RHP Wayne Kerrick
|
|
|
Batting: RHB Ray Insley
|
0-0: Called Strike 0-1: Ball 1-1: Ball 2-1: Ball 3-1: Ground out 5-3 (Groundball, 5L, EV 81.2 MPH)
|
|
Batting: RHB Manny Thompson
|
0-0: Called Strike 0-1: Foul Ball, location: 2F 0-2: Strikes out looking
|
|
Batting: RHB Willie Benito
|
0-0: Called Strike 0-1: Ball 1-1: Called Strike 1-2: SINGLE (Line Drive, 34D, EV 98.1 MPH)
|
|
Batting: LHB Nick Martin
|
0-0: Called Strike 0-1: Ball 1-1: Called Strike 1-2: Strikes out swinging
|
| Top of the 6th over - 0 runs, 1 hit, 0 errors, 1 left on base; Hartford 5 - Fort Wayne 6 |
| BOTTOM OF THE 6TH |
|
Fort Wayne TinCaps batting - Pitching for Hartford Yard Goats : RHP Wilson Mendez
|
|
Batting: RHB Paul Wood
|
0-0: Called Strike 0-1: Foul Ball, location: 2F 0-2: Strikes out looking
|
|
Batting: RHB Slamet Pamungkas
|
0-0: Ball 1-0: Ball 2-0: Ball 3-0: Called Strike 3-1: Base on Balls
|
|
Pitching: RHP Jerry Dunne
|
|
|
Batting: LHB Dean Luttman
|
0-0: Fielders Choice at 2nd, 4-6 (Groundball, 4MS, EV 85.6 MPH)
|
|
Batting: RHB Jim Miske
|
0-0: Ball 1-0: Ball Dean Luttman steals 2nd base 2-0: Ball 3-0: Called Strike 3-1: Swinging Strike 3-2: DOUBLE (Line Drive, 7LS, EV 111.2 MPH) Dean Luttman scores
|
|
Batting: RHB John Freeman
|
0-0: SINGLE (Groundball, 6S, EV 61.9 MPH) (infield hit) Jim Miske to third
|
|
Batting: RHB Ben Welt
|
0-0: Ball 1-0: Ball 2-0: Foul Ball, location: 2F 2-1: Foul Ball, location: 2F 2-2: Ball 3-2: Base on Balls John Freeman to second
|
|
Batting: RHB Gary Horgan
|
0-0: Ball 1-0: Called Strike 1-1: Called Strike 1-2: Foul Ball, location: 2F 1-2: Foul Ball, location: 2F 1-2: Fly out, F9 (Line Drive, 9S, EV 98.1 MPH)
|
| Bottom of the 6th over - 1 run, 2 hits, 0 errors, 3 left on base; Hartford 5 - Fort Wayne 7 |
| TOP OF THE 7TH |
|
Hartford Yard Goats batting - Pitching for Fort Wayne TinCaps : RHP Wayne Kerrick
|
|
Batting: RHB John Stevenson
|
0-0: Ground out 5-3 (Groundball, 25, EV 82.5 MPH)
|
|
Batting: RHB Doug D'Onofrio
|
0-0: Ball 1-0: Called Strike 1-1: Foul Ball, location: 2F 1-2: Ground out 4-3 (Groundball, 4, EV 83.8 MPH)
|
|
Batting: RHB Wali Mulogo
|
0-0: Called Strike 0-1: Foul Ball, location: 2F 0-2: Ball 1-2: Strikes out swinging, 2-3 out at first.
|
| Top of the 7th over - 0 runs, 0 hits, 0 errors, 0 left on base; Hartford 5 - Fort Wayne 7 |
| BOTTOM OF THE 7TH |
|
Fort Wayne TinCaps batting - Pitching for Hartford Yard Goats : RHP Jerry Dunne
|
|
Batting: RHB Bill Vives
|
0-0: Called Strike 0-1: Foul Ball, location: 2F 0-2: Ball 1-2: Ground out 5-3 (Groundball, 56, EV 103.8 MPH)
|
|
Batting: RHB Dave Cordero
|
0-0: Called Strike 0-1: Ball 1-1: Called Strike 1-2: Ball 2-2: Ball 3-2: Strikes out looking
|
|
Batting: RHB Paul Wood
|
0-0: Ball 1-0: Foul Ball, location: 2F 1-1: Ball 2-1: Ball 3-1: Foul Ball, location: 2F 3-2: Ground out 3-1 (Groundball, 34, EV 81.2 MPH)
|
| Bottom of the 7th over - 0 runs, 0 hits, 0 errors, 0 left on base; Hartford 5 - Fort Wayne 7 |
| TOP OF THE 8TH |
|
Hartford Yard Goats batting - Pitching for Fort Wayne TinCaps : RHP Wayne Kerrick
|
|
Pitching: RHP Jason Barlow
|
|
|
Batting: RHB Chris Osting
|
0-0: Ball 1-0: Ball 2-0: Ball 3-0: Called Strike 3-1: Called Strike 3-2: Foul Ball, location: 2F 3-2: Base on Balls
|
|
Batting: LHB Harry Folsom
|
0-0: Ball 1-0: DOUBLE (Line Drive, 8RXD, EV 104.4 MPH) Chris Osting to third Runner from 3rd tries for Home, SAFE, no throw by CF
|
|
Batting: RHB Ray Insley
|
0-0: Called Strike 0-1: Ball 1-1: Swinging Strike 1-2: Strikes out swinging
|
|
Batting: RHB Manny Thompson
|
0-0: Called Strike 0-1: Called Strike 0-2: Ball 1-2: Strikes out swinging
|
|
Pinch Hitting: LHB Jason Ryan
|
0-0: Called Strike 0-1: Ball 1-1: Foul Ball, location: 2F 1-2: Ball 2-2: Strikes out looking
|
| Top of the 8th over - 1 run, 1 hit, 0 errors, 1 left on base; Hartford 6 - Fort Wayne 7 |
| BOTTOM OF THE 8TH |
|
Fort Wayne TinCaps batting - Pitching for Hartford Yard Goats : RHP Jerry Dunne
|
|
Now at SS: Carlos de Jesus
|
|
|
Batting: RHB Slamet Pamungkas
|
0-0: Foul Ball, location: 2F 0-1: Ground out 6-3 (Groundball, 6MD, EV 91.2 MPH)
|
|
Batting: LHB Dean Luttman
|
0-0: Called Strike 0-1: Called Strike 0-2: Ground out 4-3 (Groundball, 4S, EV 86.9 MPH)
|
|
Batting: RHB Jim Miske
|
0-0: Ball 1-0: Ball 2-0: Ball 3-0: Base on Balls
|
|
Batting: RHB John Freeman
|
0-0: Swinging Strike 0-1: Called Strike 0-2: TRIPLE (Line Drive, 9LD, EV 107.5 MPH) Jim Miske scores
|
|
Batting: RHB Ben Welt
|
0-0: Ball 1-0: Ball 2-0: Foul Ball, location: 2F 2-1: Ball 3-1: Base on Balls
|
|
Batting: RHB Gary Horgan
|
0-0: Called Strike 0-1: Fielders Choice at 2nd, 6-4 (Groundball, 6, EV 83.1 MPH)
|
| Bottom of the 8th over - 1 run, 1 hit, 0 errors, 2 left on base; Hartford 6 - Fort Wayne 8 |
| TOP OF THE 9TH |
|
Hartford Yard Goats batting - Pitching for Fort Wayne TinCaps : RHP Jason Barlow
|
|
Pitching: LHP Manny Santiago
|
|
|
Now at 1B: Dave Cordero
|
|
|
Now at 2B: Cesar Ortega
|
|
|
Batting: LHB Nick Martin
|
0-0: Foul Ball, location: 2F 0-1: Fly out, F6 (Line Drive, 6, EV 62.5 MPH)
|
|
Batting: RHB John Stevenson
|
0-0: Ball 1-0: Foul Ball, location: 2F 1-1: Foul Ball, location: 2F 1-2: Strikes out looking
|
|
Batting: RHB Doug D'Onofrio
|
0-0: Ball 1-0: Foul Ball, location: 2F 1-1: Ball 2-1: Called Strike 2-2: Ball 3-2: Foul Ball, location: 2F 3-2: Strikes out looking
|
| Top of the 9th over - 0 runs, 0 hits, 0 errors, 0 left on base; Hartford 6 - Fort Wayne 8 |
|